 Dungeon Crawl Stone Soup version 0.29-a0-321-gf1c400731a (webtiles) character file.

Game seed: 5918061075283854613

32575 Morbidden the Timeless (level 13, -6/98 HPs)
             Began as a Demonspawn Fighter on Apr 3, 2022.
             Was a High Priest of Cheibriados.
             Mangled by a death yak (10 damage)
             ... on level 4 of the Lair of Beasts.
             The game lasted 00:33:44 (21309 turns).

Morbidden the Timeless (Demonspawn Fighter)        Turns: 21309, Time: 00:33:44

Health: -6/98      AC: 20    Str: 27    XL:     13   Next: 32%
Magic:  0/32       EV: 16    Int: 26    God:    Cheibriados [*****.]
Gold:   1976       SH: 17    Dex: 24    Spells: 23/26 levels left

rFire   . . .      SeeInvis .   b - +1 dagger (venom)
rCold   . . .      Faith    .   s - +0 kite shield
rNeg    + . .      Spirit   +   t - +0 storm dragon scales
rPois   .          Reflect  .   f - +0 helmet
rElec   +          Harm     .   K - +0 cloak
rCorr   .          Rampage  .   q - +0 pair of gloves
Will    +++..      Clarity  +   h - +0 pair of boots
Stlth   ..........              E - amulet of the Four Winds {rN+ Will+++ Clar}
HPRegen 0.26/turn               o - ring of magical power
MPRegen 0.46/turn               k - +4 ring of evasion

@: brilliant, about to teleport, on berserk cooldown, slowed, very slow
A: claws 1, slimy green scales 1, magic shield, magic regeneration, condensation
shield
a: Renounce Religion, Bend Time, Temporal Distortion, Slouch, Step From Time


You were on level 4 of the Lair of Beasts.
You worshipped Cheibriados.
Cheibriados was extremely pleased with you.
You visited 4 branches of the dungeon, and saw 17 of its levels.
You also visited: Bailey.

You collected 1976 gold pieces.

Inventory:

Hand Weapons
 a - a +1 scimitar of flaming
 b - a +1 dagger of venom (weapon)
Missiles
 m - a curare-tipped dart
 u - 35 poisoned darts (quivered)
 G - a boomerang of dispersal
 M - 6 silver javelins
Armour
 f - a +0 helmet (worn)
 h - a +0 pair of boots (worn)
 q - a +0 pair of gloves (worn)
 s - a +0 kite shield (worn)
 t - +0 storm dragon scales (worn)
 K - a +0 cloak (worn)
Jewellery
 e - an amulet of magic regeneration
 k - a +4 ring of evasion (right hand)
 o - a ring of magical power (left hand)
 p - a +4 ring of protection
 v - a ring of resist corrosion
 y - a +6 ring of strength
 z - the ring "Egaragg" {Ice rPois Will- Str-3 SInv}
   (You found it on level 4 of the Dungeon)

   [ring of ice]

   It enhances your ice magic.
   Str:       It affects your strength (-3).
   rF:        It makes you vulnerable to fire.
   rC:        It protects you from cold.
   rPois:     It protects you from poison.
   SInv:      It lets you see invisible.
   Will:      It decreases your willpower.
 D - an amulet of reflection
 E - the amulet of the Four Winds (around neck) {rN+ Will+++ Clar}
   (You found it on level 6 of the Dungeon)

   [amulet of nothing]

   rN:        It protects you from negative energy.
   Clar:      It protects you against confusion.
   Will:      It greatly increases your willpower.
Wands
 d - a wand of flame (48)
 B - a wand of polymorph (14)
 L - a wand of iceblast (16)
 T - a wand of acid (1)
Scrolls
 g - 3 scrolls of fog
 j - 3 scrolls of torment
 l - 4 scrolls of enchant armour
 n - a scroll of silence
 r - 4 scrolls of identify
 w - a scroll of noise
 F - a scroll of blinking
 Q - 3 scrolls of magic mapping
 V - 4 scrolls of amnesia
Potions
 c - a potion of resistance {unknown}
 x - 3 potions of mutation
 A - 2 potions of curing
 C - 3 potions of might
 H - 4 potions of attraction
 I - a potion of haste {unknown}
 J - a potion of heal wounds
 N - a potion of berserk rage
 P - 2 potions of invisibility {unknown}
 S - a potion of brilliance


   Skills:
 * Level 8.1 Fighting
 + Level 4.6(7.2) Short Blades
 * Level 8.7(9.2) Long Blades
 + Level 1.6 Throwing
 + Level 7.6 Armour
 * Level 6.9 Dodging
 + Level 1.4 Stealth
 + Level 8.7 Shields
 * Level 7.1 Spellcasting
 * Level 6.2 Conjurations
 * Level 10.2 Invocations
 + Level 0.7 Evocations


You had 23 spell levels left.
You knew the following spells:

 Your Spells              Type           Power      Damage    Failure   Level
a - Magic Dart            Conj           100%       1d8       5%          1
b - Searing Ray           Conj           100%       2d8       9%          2

Your spell library contained the following spells:

 Spells                   Type           Power      Damage    Failure   Level
 Conjure Flame            Conj/Fire      38%        6-21      52%         3
 Fulminant Prism          Conj/Hex       19%        3d11      89%         4
 Sticky Flame             Conj/Fire      38%        2d6       89%         4
 Ignite Poison            Fire/Tmut/Pois 13%        N/A       91%         3
 Tukima's Dance           Hex            13%        N/A       91%         3
 Irradiate                Conj/Tmut      19%        3d19      99%         5
 Passage of Golubria      Tloc           13%        N/A       100%        4
 Blade Hands              Tmut           6%         N/A       100%        5
 Yara's Violent Unravell  Hex/Tmut       6%         3d5       100%        5
 Dragon Form              Tmut           6%         N/A       100%        7


Dungeon Overview and Level Annotations

Branches:
Dungeon (10/15)            Temple (1/1) D:4            Lair (4/6) D:10
 Spider (2/4) Lair:2       Bailey (visited)
  Swamp: Lair:2-4    Shoals: Lair:2-4       Orc: D:9-12

Altars:
Ashenzari
Cheibriados
Dithmenos
Elyvilon
Fedhas
Gozag
Hepliaklqana
Kikubaaqudgha
Makhleb
Nemelex Xobeh
Okawaru
Qazlal
Ru
Sif Muna
Trog
Uskayaw
Vehumet
Wu Jian
Xom
Yredelemnul
Zin
The Shining One

Shops:
D:2 :   D:5 (   D:7 *

Annotations:
D:3 1 runed translucent door, Crazy Yiuf, Ijyb
D:9 3 runed translucent doors, hotpinklipstick's ghost, novice OpDe
Lair:3 1 runed translucent door


Innate Abilities, Weirdness & Mutations

You have sharp fingernails.
You are partially covered in slimy green scales. (AC +2)
When hurt, damage is shared between your health and your magic reserves.
You regenerate magic rapidly.
A meltable shield of frost defends you. (SH +4)


Message History

You hit the death yak.
The death yak looks as sick as possible!
The death yak is heavily wounded.
Unknown command.
You barely miss the death yak.
The death yak is heavily wounded.
The death yak misses you.
Unknown command.
You hit the death yak but do no damage.
The death yak looks as sick as possible!
The death yak is heavily wounded.
The death yak gores you.
* * * LOW HITPOINT WARNING * * *
Unknown command.
You hit the death yak.
The death yak looks as sick as possible!
The death yak is severely wounded.
The death yak completely misses you.
Unknown command.
You puncture the death yak!
The death yak looks as sick as possible!
The death yak is severely wounded.
You are no longer berserk.
You are exhausted.
You feel yourself slow down.
Unknown command.
Blink to where?
Press: ? - help, Dir - move target, f - you
Okay, then.
As you read the scroll of teleportation, it crumbles to dust.
You feel strangely unstable. The death yak barely misses you.
The death yak gores you!
* * * LOW HITPOINT WARNING * * *
Unknown command.
Unknown command.
Unknown command.
It was a potion of brilliance.
You feel clever all of a sudden. The death yak gores you!
You die...

......................#
Y...................†.##
.......................#
...Y...$..............##
Y.....................##
.#.....................##
#....#...YYY#####......#
..........SY####.#.#..###
.....##....#@......#..##
.#...##....##.......#..#
#........(#........P.##
.#P.....#..........#
####....P###.###P...#
#..P......#..####...#
....................#
#PP...###...#...#####
###### #.#######


You could see a death yak (extremely poisoned), a black mamba and 2 yaks.

Vanquished Creatures
  2 hydras
  Erica (D:10)
  5 death yaks (Lair:4)
  A steelbarb worm (Spider:1)
  An orb spider (Spider:2)
  An orc knight (Bailey)
  A deep elf pyromancer (Bailey)
  The ghost of MrShunz the Thaumaturge, a novice DECj of Sif Muna (D:8)
  3 wolf spiders
  5 elephants (Lair:3)
  A torpor snail (Spider:1)
  A molten gargoyle (D:10)
  8 cane toads
  2 demonic crawlers
  7 komodo dragons
  3 rime drakes
  A kobold demonologist (D:10)
  3 polar bears
  5 dream sheep (Lair:3)
  A tarantella (Spider:1)
  Prince Ribbit (Lair:3)
  5 blink frogs
  3 culicivoras (Spider:1)
  5 jumping spiders
  4 basilisks
  3 wyverns
  A wraith (D:10)
  31 yaks
  A steam dragon (D:10)
  7 redbacks (Spider:1)
  3 vampire mosquitoes (D:10)
  7 water moccasins
  An acid dragon (D:9)
  5 orc warriors
  A swamp drake (D:10)
  An ice beast (D:7)
  2 ogres
  4 centaurs
  Blork the orc (D:4)
  14 bullfrogs
  5 kobold brigands
  A necrophage (D:4)
  9 scorpions
  A wight (D:7)
  7 electric eels
  A howler monkey (D:6)
  A gnoll shaman (D:4)
  2 hounds
  4 orc priests
  An iguana (D:6)
  7 orc wizards
  A gnoll (D:3)
  6 adders
  A shadow imp (D:5)
  3 white imps
  An ufetubus (D:4)
  2 worms
  3 dart slugs
  46 orcs
  4 endoplasms
  7 giant cockroaches
  8 goblins
  9 hobgoblins
  5 jackals
  3 quokkas
  7 ball pythons
  5 frilled lizards
  10 kobolds
  3 rats
316 creatures vanquished.

Vanquished Creatures (collateral kills)
  A two-headed ogre (D:9)
  A wyvern (D:9)
  A steam dragon (D:9)
  A centaur (D:9)
  A goblin (D:9)
5 creatures vanquished.

Vanquished Creatures (others)
  An orc priest (D:10)
  2 orcs (D:10)
  A kobold (D:10)
  12 fungi
  21 plants
37 creatures vanquished.

Grand Total: 358 creatures vanquished

Notes
Turn   | Place    | Note
-------+----------+-------------------------------------------
     0 | D:1      | Morbidden the Demonspawn Fighter began the quest for the
                  | Orb.
     0 | D:1      | Reached XP level 1. HP: 18/18 MP: 1/1
   287 | D:1      | Gained mutation: You regenerate magic rapidly. [demonic
                  | ancestry]
   287 | D:1      | Reached XP level 2. HP: 22/24 MP: 2/2
   886 | D:1      | Found a faded altar of an unknown god.
  1692 | D:2      | Found Nijax's Book Boutique.
  1826 | D:2      | Reached XP level 3. HP: 29/29 MP: 3/3
  2597 | D:3      | Reached XP level 4. HP: 35/35 MP: 4/4
  2940 | D:3      | Found a runed translucent door.
  2941 | D:3      | Noticed Crazy Yiuf
  3111 | D:3      | Noticed Ijyb
  3190 | D:4      | Found a broken altar of Ashenzari.
  3350 | D:4      | Found a staircase to the Ecumenical Temple.
  3365 | D:4      | Noticed a scorpion
  3377 | D:4      | Killed a scorpion
  3378 | D:4      | Reached skill level 1 in Spellcasting
  3378 | D:4      | Reached XP level 5. HP: 31/41 MP: 6/6
  3380 | Temple   | Entered the Ecumenical Temple
  3615 | Temple   | Became a worshipper of Cheibriados the Contemplative
  3802 | D:4      | Noticed an ogre
  3808 | D:4      | Killed an ogre
  3809 | D:4      | Reached skill level 1 in Dodging
  3842 | D:4      | Found a sacrificial altar of Ru.
  3993 | D:4      | Gained mutation: A meltable shield of frost defends you.
                  | (SH +4) [demonic ancestry]
  3993 | D:4      | Reached XP level 6. HP: 44/48 MP: 8/8
  4038 | D:4      | Found a blossoming altar of Fedhas.
  4046 | D:4      | Noticed Blork the orc
  4078 | D:4      | Killed Blork the orc
  4079 | D:4      | Reached skill level 1 in Invocations
  4495 | D:4      | Noticed a sky beast
  4504 | D:4      | Reached skill level 2 in Invocations
  4554 | D:4      | Found an ancient bone altar of Kikubaaqudgha.
  4644 | D:4      | Reached * piety under Cheibriados
  5133 | D:4      | Identified the ring "Egaragg" {Ice rPois Will- Str-3 SInv}
  5211 | D:5      | Entered Level 5 of the Dungeon
  5226 | D:5      | Reached XP level 7. HP: 53/53 MP: 9/9
  5362 | D:5      | Found Asmisk's Weapon Shop.
  5415 | D:5      | Noticed a shadow
  5433 | D:5      | Reached skill level 1 in Short Blades
  5433 | D:5      | Reached skill level 3 in Invocations
  5815 | D:6      | Found the amulet of the Four Winds {rN+ Will+++ Clar}
  6115 | D:6      | Found an iron altar of Okawaru.
  6126 | D:6      | Gained mutation: You are partially covered in slimy green
                  | scales. (AC +2) [demonic ancestry]
  6126 | D:6      | Reached XP level 8. HP: 60/61 MP: 11/11
  6147 | D:6      | Identified the +4 falchion "Bethuirr" {flame, rF- rC+
                  | Str+5}
  6210 | D:6      | Found an ornate altar of the Wu Jian Council.
  6628 | D:7      | Reached ** piety under Cheibriados
  7433 | D:7      | Found an opulent altar of Gozag.
  7442 | D:7      | Found Gozag's Platinum Reserve.
  7758 | D:7      | Reached skill level 5 in Long Blades
  7758 | D:7      | Reached skill level 4 in Invocations
  7895 | D:8      | Found a burning altar of Makhleb.
  7989 | D:8      | Reached skill level 5 in Shields
  7996 | D:8      | Reached skill level 1 in Throwing
  8011 | D:8      | Reached XP level 9. HP: 30/67 MP: 13/13
  8028 | D:8      | Reached skill level 5 in Fighting
  8296 | D:8      | Learned a level 1 spell: Magic Dart
  8381 | D:8      | Reached skill level 5 in Armour
  8962 | D:8      | Reached skill level 5 in Invocations
  9264 | D:8      | Found a large runed translucent door.
  9264 | D:8      | Found a large runed translucent door.
  9266 | D:8      | Noticed MrShunz's ghost (novice DECj)
  9582 | D:8      | Killed MrShunz's ghost
  9583 | D:8      | Reached skill level 1 in Conjurations
  9679 | D:9      | Found a runed translucent gate.
  9679 | D:9      | Found a runed translucent gate.
  9679 | D:9      | Found a runed translucent gate.
  9679 | D:9      | Noticed a kobold demonologist
  9721 | D:9      | Noticed a two-headed ogre
  9724 | D:9      | Reached *** piety under Cheibriados
  9729 | D:9      | Found a flagged portal.
  9736 | D:9      | Killed a two-headed ogre
  9737 | D:9      | Reached XP level 10. HP: 49/74 MP: 16/16
  9761 | Bailey   | Entered a bailey
  9916 | Bailey   | Noticed an orc knight
  9926 | Bailey   | Killed an orc knight
  9927 | Bailey   | Reached skill level 1 in Stealth
  9927 | Bailey   | Reached skill level 6 in Invocations
 10187 | Bailey   | Found a large runed translucent door.
 10187 | Bailey   | Found a large runed translucent door.
 10188 | Bailey   | Noticed a deep elf pyromancer
 10190 | Bailey   | Found the +10 Black Knight's barding {ponderous, rPois rN+}
 10261 | Bailey   | Killed a deep elf pyromancer
 10834 | D:9      | Noticed hotpinklipstick's ghost (novice OpDe)
 11001 | D:10     | Entered Level 10 of the Dungeon
 11331 | D:10     | Reached **** piety under Cheibriados
 11333 | D:10     | Noticed an orange demon
 11336 | D:10     | Noticed an orange demon
 11823 | D:10     | Reached skill level 5 in Spellcasting
 12156 | D:10     | Found a staircase to the Lair.
 12882 | D:10     | Reached skill level 7 in Invocations
 12882 | D:10     | Gained mutation: You have sharp fingernails. [demonic
                  | ancestry]
 12882 | D:10     | Reached XP level 11. HP: 76/83 MP: 18/18
 13066 | D:10     | Noticed a two-headed ogre
 13216 | Lair:1   | Entered Level 1 of the Lair of Beasts
 13218 | Lair:1   | Noticed Erica
 13384 | D:10     | Reached skill level 5 in Dodging
 13992 | D:10     | Killed Erica
 14312 | Lair:1   | Reached ***** piety under Cheibriados
 14768 | Lair:1   | Noticed a seven-headed hydra
 14780 | Lair:1   | Killed a one-headed hydra
 16262 | Lair:2   | Reached skill level 8 in Invocations
 16308 | Lair:2   | Noticed a five-headed hydra
 16320 | Lair:2   | Killed a one-headed hydra
 16973 | Lair:2   | Identified a scroll of acquirement
 16974 | Lair:2   | Acquired 1094 gold pieces
 16988 | Lair:2   | Found a hole to the Spider Nest.
 17004 | Lair:2   | Reached XP level 12. HP: 86/91 MP: 19/21
 17708 | Spider:1 | Entered Level 1 of the Spider Nest
 17708 | Spider:1 | You fall into a shaft and drop 1 floor!
 18211 | Spider:1 | Reached skill level 5 in Conjurations
 18211 | Spider:1 | Reached skill level 9 in Invocations
 19466 | Lair:3   | Learned a level 2 spell: Searing Ray
 19862 | Lair:3   | Gained mutation: When hurt, damage is shared between your
                  | health and your magic reserves. [demonic ancestry]
 19862 | Lair:3   | Reached XP level 13. HP: 98/98 MP: 20/23
 19926 | Lair:3   | Noticed Prince Ribbit
 19949 | Lair:3   | Killed Prince Ribbit
 20079 | Lair:3   | Reached skill level 10 in Invocations
 20231 | Lair:3   | Found a runed translucent door.
 21308 | Lair:4   | HP: 4/98 [death yak (2)]
 21309 | Lair:4   | Mangled by a death yak

Illustrated notes

Levels and vault maps discovered:
D:1:      shiori_arrival_elements, layout_basic,
          hellmonk_ecumenical_altar_inner_sanctum, st_stairs_2
D:2:      layout_basic, basic_altar, serial_shops, shop
D:3:      minmay_chambers_of_twos, layout_loops_ring, zin_statuary,
          kennysheep_generic_room_16, uniq_crazy_yiuf_cottage, uniq_ijyb
D:4:      minmay_clustersquares, layout_layer_cave, overflow_temple_1_default,
          mainiacjoe_overflow_boulevard, nicolae_overflow_crystal_walls,
          amcnicky_altar_gilded, minmay_temple_entry_slanted, uniq_blork_the_orc
D:5:      layout_basic, serial_shops, nicolae_shop_bloodbath_and_beyond,
          minmay_manual_monolith
D:6:      layout_loops_cross, nzn_wu_jian_council_hall,
          okawaru_ov_weapons_minmay
D:7:      layout_loops_cross, nicolae_gozag_zags_fifth_avenue,
          nicolae_concentric_dashed_squares_mild, kennysheep_generic_room_7
D:8:      layout_basic, mainiacjoe_overflow_24_doors,
          ebering_ghost_disaster_area, serial_bayou_lake_a
D:9:      layout_cave_pools, enter_bailey_5, gammafunk_ghost_nasty_kobolds
D:10:     layout_roguey, erik_lair_dragon, minivault_8
Temple:   dshaligram_water_room_temple
Lair:1:   layout_loops_ring, grunt_megastairs_4, uniq_erica
Lair:2:   layout_gridlike, nicolae_spider_entry_non_spiders, st_stairs_11,
          beast_lair_carwin_7
Lair:3:   gammafunk_mikee_crab_dinner, layout_regular_city, uniq_prince_ribbit2
Lair:4:   layout_regular_city, nicolae_swamp_entry_splash_gauntlet, st_stairs_10
Spider:1: layout_spider_delve, drop_trap
Spider:2: layout_spider_delve

Skill      XL: |  1  2  3  4  5  6  7  8  9 10 11 12 13 |
---------------+----------------------------------------+-----
Armour         | 3 4 5 6 7 |  7.6
Long Blades    | 2 3 4 5 6 7 8 |  8.7
Shields        | 3 5 6 7 8 |  8.7
Spellcasting   | 1 2 3 4 5 6 7 |  7.1
Dodging        | 1 2 3 4 5 6 |  6.9
Invocations    | 2 3 4 5 7 8 9 10 | 10.2
Fighting       | 4 5 6 7 8 |  8.1
Short Blades   | 1 2 3 4 |  4.6
Throwing       | 1 |  1.6
Conjurations   | 1 3 4 5 6 |  6.2
Stealth        | 1 |  1.4
Evocations     | |  0.7

Action                   |  1- 3 |  4- 6 |  7- 9 | 10-12 | 13-15 || total
-------------------------+-------+-------+-------+-------+-------++-------
Melee: Long sword        |   136 |   103 |       |       |       ||   239
       Scimitar          |       |    45 |    19 |   180 |    78 ||   322
       Dagger            |       |    37 |   378 |   863 |   216 ||  1494
Throw: Dart              |       |    10 |    28 |     9 |       ||    47
 Cast: Magic Dart        |       |       |       |    12 |     3 ||    15
       Searing Ray       |       |       |       |     5 |     2 ||     7
Invok: Slouch            |       |       |       |     6 |       ||     6
Evoke: Wand              |       |     5 |     6 |     8 |       ||    19
  Use: Potion            |     2 |     4 |     5 |    10 |     3 ||    24
       Scroll            |       |     4 |     9 |     9 |     2 ||    24
 Stab: Paralysed         |       |       |       |     6 |       ||     6
Armor: Scale mail        |    67 |    10 |       |       |       ||    77
       Storm dragon scal |       |   116 |   156 |   351 |    57 ||   680
       Skin              |       |       |       |     5 |     8 ||    13
Dodge: Dodged            |    81 |    58 |   116 |   352 |    88 ||   695
Block: Buckler           |    43 |    68 |   238 |   192 |       ||   541
       Reflection        |       |       |     7 |     7 |       ||    14
       Kite shield       |       |       |       |   856 |   170 ||  1026

Table legend: (Time is in decaauts)
 A = Elapsed time spent in this place.
 B = Non-inter-level travel time spent in this place.
 C = Inter-level travel time spent in this place.
 D = Time resting spent in this place.
 E = Time spent auto-exploring this place.
 F = Levels seen in this place.
 G = Mean time per level.
                   A        B        C        D        E       F      G
               +--------+--------+--------+--------+--------+-----+--------+
         Total |  25791 |  25040 |    751 |   5938 |  14568 |  18 | 1432.8 |
       Dungeon |  16092 |  15480 |    612 |   3544 |   9305 |  10 | 1609.2 |
        Temple |    247 |    237 |     10 |      0 |    213 |   1 |  247.0 |
          Lair |   8054 |   7925 |    129 |   1868 |   4805 |   4 | 2013.5 |
   Spider Nest |    681 |    681 |      0 |    347 |      0 |   2 |  340.5 |
        Bailey |    716 |    716 |      0 |    179 |    245 |   1 |  716.0 |
               +--------+--------+--------+--------+--------+-----+--------+

Top non-repeatable levels by time:
    D:10: 3961 daAuts
  Lair:2: 2467 daAuts
  Lair:3: 2456 daAuts
  Lair:1: 2432 daAuts
     D:8: 2348 daAuts
     D:4: 2151 daAuts
     D:7: 1509 daAuts
     D:1: 1428 daAuts
     D:6: 1171 daAuts
     D:9: 1156 daAuts
     D:2: 935 daAuts
     D:3: 886 daAuts
  Bailey: 716 daAuts
  Lair:4: 698 daAuts
     D:5: 543 daAuts
